 Dungeon Crawl Stone Soup version 0.32-a0-913-g739538afd8 (webtiles) character file.

Game seed: 3352077578792787272

60 kae the Changeling (level 3, 0/40 HPs)
             Began as a Demonspawn Shapeshifter on Apr 9, 2024.
             Succumbed to a kobold's poison
             ... on level 2 of the Dungeon.
             The game lasted 00:01:23 (1485 turns).

kae the Changeling (Demonspawn Shapeshifter)        Turns: 1485, Time: 00:01:24

Health: 0/40       AC: 21    Str: 13 (14) XL:     3   Next: 80%
Magic:  3/3        EV:  2    Int:  7 (10) God:
Gold:   128        SH:  0    Dex: 13 (14) Spells: 2/2 levels left

rFire   . .          .
                       - Unarmed
rCold   . . .        (no shield)
rNeg    . . .        m - melded +2 leather armour {rC+}
rPois   +            (helmet currently unavailable)
rElec   .            (cloak currently unavailable)
rCorr   .            (gloves currently unavailable)
SInv    .            (boots currently unavailable)
Will    +....        (no amulet)
Stlth   +            E - +5 ring of evasion
HPRegen 0.26/turn    (no ring)
MPRegen 0.08/turn

%: no passive effects
@: mighty, brilliant, lethally poisoned (0 -> -2), tree-form, enlightened
A: stationary, stasis, torment immunity, boosted hp, (claws 1)
a: no special abilities


You were on level 2 of the Dungeon.
You were a tree.
You visited 1 branch of the dungeon, and saw 3 of its levels.

You collected 128 gold pieces.


Innate Abilities, Weirdness & Mutations

You are a tree.
Your roots penetrate the ground, keeping you stationary.
You cannot be teleported.
You are immune to unholy pain and torment.
Your maximum health is greatly increased.
Your equipment is partially melded.
((You have sharp fingernails.))


   Skills:
 + Level 2.0 Fighting
 - Level 1.7 Dodging
 + Level 3.1 Unarmed Combat
 * Level 3.4 Shapeshifting


You had 2 spell levels left.
You didn't know any spells.
Your spell library contained the following spells:

 Spells                   Type           Power      Damage    Failure   Level
 Apportation              Tloc           0%         N/A       43%         1
 Necrotise                Necr           0%         1d4       43%         1
 Sting                    Conj/Alch      0%         1d3       43%         1
 Summon Small Mammal      Summ           0%         N/A       43%         1
 Ensorcelled Hibernation  Hex/Ice        0%         N/A       56%         2
 Fugue of the Fallen      Necr           0%         N/A       80%         3
 Passwall                 Erth           0%         N/A       80%         3
 Swiftness                Air            0%         N/A       80%         3
 Anguish                  Hex/Necr       0%         N/A       99%         4

Inventory:

Missiles
 e - 12 stones (quivered)
Armour
 a - a +0 animal skin
 h - a +2 pair of boots
   (You found it on level 2 of the Dungeon)
 m - a +2 leather armour of cold resistance (melded)
   (You found it on level 2 of the Dungeon)
Jewellery
 E - a +5 ring of evasion (left branch)
   (You found it on level 1 of the Dungeon)
Talismans
 c - a beast talisman (active)
 d - a flux talisman
Potions
 k - a potion of might
 l - a potion of brilliance

Dungeon Overview and Level Annotations

Branches:
Dungeon (3/15) Zot: 16522

Altars:

.........# #..#
.........# ##.##
.......#.## ##..#
#.....##..# #..##
##.######.# #...# ##.#
####.# #.#.## #..#
#....# #.#..###
#..###.##.#####.##...#
...#.#.#.#.#.#.#♣#>#.#
.#...............)...#
.#.#.#.#.#.#.#.#.#.#.#
.....................#
...#.#.#.#.#.#.#.#.###
....................#
...#.#.#.#.#.#.#.#.##
.<.#####.##...######
#..####..####.#


There were no monsters in sight!


Message History

The kobold hits you with a +2 dagger of venom.
You climb upwards.
There is a stone staircase leading down here.
Unknown command. 😕 HP[-4]
You take 4 damage, and now have 23/27 hp.
You barely miss the gnoll. The gnoll misses you.
The kobold hits you with a +2 dagger of venom.
You are poisoned.
You scratch the gnoll but do no damage.
You feel very sick. The gnoll completely misses you.
The kobold hits you but does no damage.
You are more poisoned. 😮 HP[-5]
You take 5 damage, and now have 18/27 hp.
You feel very sick.
The kobold throws a poisoned dart.
The poisoned dart misses you. 😮 HP[-3]
You take 3 damage, and now have 15/27 hp.
You feel sick. 😨 HP[-2]
You take 2 damage, and now have 13/27 hp.
Your transformation has ended.
You turn into a tree.
Your +2 leather armour of cold resistance melds into your body.
You feel less resistant to cold.
Your roots penetrate the ground.
You feel sick.
The gnoll hits you but does no damage. 😨 HP[+5]
You now have 40 max hp (+13).
You regained 5 hp, and now have 18/40 hp.
You hit the gnoll.
You feel sick. The gnoll hits you with a +0 flail.
* * * LOW HITPOINT WARNING * * *
😨 HP[-2]
You take 2 damage, and now have 16/40 hp.
You smack the gnoll!
You feel sick.
The gnoll hits you but does no damage. 😨 HP[-2]
You take 2 damage, and now have 14/40 hp.
Unknown command.
You hit the gnoll.
You kill the gnoll!
Your Fighting skill increases to level 2!
You cannot move.
You cannot move.
Unknown command.
You start resting.
You feel sick.
A kobold is nearby! 😨 HP[-1]
You take 1 damage, and now have 13/40 hp.
You cannot move.
Unknown command.
You cannot move.
You feel sick.
The kobold throws a poisoned dart.
The poisoned dart hits you!
You are more poisoned.
You feel sick.
The kobold throws a poisoned dart.
The poisoned dart hits you. 😨 HP[-2]
You take 2 damage, and now have 11/40 hp.
Unknown command.
You feel sick. 😱 HP[-2]
You take 2 damage, and now have 9/40 hp.
You feel sick. 😱 HP[-1]
You take 1 damage, and now have 8/40 hp.
A kobold is nearby!
You feel sick.
The kobold throws a poisoned dart.
The poisoned dart hits you!
You feel sick.
The kobold throws a poisoned dart.
The poisoned dart hits you!
You are lethally poisoned! 😱 HP[-1]
You take 1 damage, and now have 7/40 hp.
It was a potion of enlightenment.
Your roots keep you in place.
* * * LOW HITPOINT WARNING * * *
You feel sick. 😱 HP[-2]
You take 2 damage, and now have 5/40 hp.
It was a potion of degeneration.
There was something very wrong with that liquid.
You feel weakened.
You feel dopey.
You feel clumsy.
* * * LOW HITPOINT WARNING * * *
You feel sick. 😱 HP[-2]
You take 2 damage, and now have 3/40 hp.
It was a potion of might.
You feel very mighty all of a sudden.
* * * LOW HITPOINT WARNING * * *
You feel sick.
It was a potion of brilliance.
You feel clever all of a sudden.
* * * LOW HITPOINT WARNING * * *
You feel sick. 😱 HP[-1]
You take 1 damage, and now have 2/40 hp.
Okay, then.
Okay, then.
As you read the scroll of noise {!r}, it crumbles to dust.
You hear a loud clanging noise!
* * * LOW HITPOINT WARNING * * *
You feel sick. 😱 HP[-1]
You take 1 damage, and now have 1/40 hp.
You die...

Skill      XL: |  1  2  3 |
---------------+----------+-----
Shapeshifting  | 3 |  3.4
Unarmed Combat | 3 |  3.1
Fighting       | 2 |  2.0
Dodging        | |  1.7

Action                     || total
---------------------------++-------
  Melee: Unarmed           ||   132
         Punch             ||     4
    Use: Potion            ||     5
         Scroll            ||     3
   Stab: Sleeping          ||     2
 Armour: Animal skin       ||    35
         Leather armour    ||    23
         Skin              ||     3
  Dodge: Dodged            ||    96

Levels and vault maps discovered:
D:1:      moated_graveyard_arrival, layout_loops_ring, hex_large,
          hangedman_decor_points
D:2:      layout_rooms, dk_noncrumbling_4, st_stairs_12
D:3:      layout_rooms, nicolae_shop_vocational

Notes
Turn   | Place    | Note
-------+----------+-------------------------------------------
     0 | D:1      | kae the Demonspawn Shapeshifter began the quest for the
                  | Orb.
     0 | D:1      | Reached XP level 1. HP: 15/15 MP: 1/1
     0 | D:1      | magus.rc [v1.11.3]
    12 | D:1      | You pick up a book of Burglary and begin reading...
    12 | D:1      | You add the spells Ensorcelled Hibernation, Swiftness and
                  | Passwall to your library.
   151 | D:1      | Gained mutation: You have sharp fingernails. [demonic
                  | ancestry]
   151 | D:1      | Reached XP level 2. HP: 18/21 MP: 2/2
   198 | D:1      | You pick up a book of Cantrips and begin reading...
   198 | D:1      | You add the spells Sting, Necrotise, Summon Small Mammal
                  | and Apportation to your library.
   234 | D:1      | Reached skill level 3 in Shapeshifting
   539 | D:1      | You pick up a book of Dreams and begin reading...
   539 | D:1      | You add the spells Fugue of the Fallen and Anguish to your
                  | library.
   726 | D:2      | Reached skill level 3 in Unarmed Combat
   730 | D:2      | You pick up a book of Cantrips and begin reading...
   812 | D:2      | Reached XP level 3. HP: 16/26 MP: 3/3
   818 | D:2      | HP: 6/26 [ribbon worm (7)]
  1473 | D:2      | Reached skill level 2 in Fighting
  1476 | D:2      | HP: 9/40 [poisoned by a kobold]
  1481 | D:2      | HP: 3/40 [poisoned by a kobold]
  1484 | D:2      | HP: 1/40 [poisoned by a kobold]
  1485 | D:2      | Succumbed to a kobold's poison

Vanquished Creatures
  A gnoll (D:2)
  3 ribbon worms (D:2)
  2 ball pythons
  7 endoplasms
  3 giant cockroaches
  4 goblins
  2 hobgoblins (D:3)
  2 kobolds
  6 quokkas
  3 bats (D:2)
  2 frilled lizards (D:1)
  4 rats (D:2)
39 creatures vanquished.

Table legend:
 A = Non-vault XP
 B = Vault XP
 C = Vault XP percentage of total XP
 D = Non-vault monster count
 E = Vault monster count
 F = Vault count percentage of total count
                 A         B        C        D         E       F
            +---------+---------+-------+---------+---------+-------
      Total |      82 |       4 |   4.7 |      38 |       1 |   2.6
            +---------+---------+-------+---------+---------+-------
        D:1 |      32 |       0 |   0.0 |      17 |       0 |   0.0
        D:2 |      43 |       4 |   8.5 |      17 |       1 |   5.6
        D:3 |       7 |       0 |   0.0 |       4 |       0 |   0.0
            +---------+---------+-------+---------+---------+-------

Skill      XL: |  1  2  3 |
---------------+----------+-----
Shapeshifting  | 3 |  3.4
Unarmed Combat | 3 |  3.1
Fighting       | 2 |  2.0
Dodging        | |  1.7

Action                     || total
---------------------------++-------
  Melee: Unarmed           ||   132
         Punch             ||     4
    Use: Potion            ||     5
         Scroll            ||     3
   Stab: Sleeping          ||     2
 Armour: Animal skin       ||    35
         Leather armour    ||    23
         Skin              ||     3
  Dodge: Dodged            ||    96

Illustrated notes

Table legend:
 A = Kills in this place as a percentage of kills in the entire game.
 B = Kills by you in this place as a percentage of kills by you in the entire game.
 C = Kills by friends in this place as a percentage of kills by friends in the entire game.
 D = Other kills in this place as a percentage of other kills in the entire game.
 E = Experience gained in this place as a percentage of experience gained in the entire game.
 F = Experience gained in this place divided by the number of levels of this place that you have seen.
                   A       B       C       D       E      F
               +-------+-------+-------+-------+-------+----------------------
         Total | 100.0 | 100.0 |   N/A |   N/A | 100.0 |  28.7
       Dungeon | 100.0 | 100.0 |   N/A |   N/A | 100.0 |  28.7
               +-------+-------+-------+-------+-------+----------------------

Table legend: (Time is in decaauts)
 A = Elapsed time spent in this place.
 B = Non-inter-level travel time spent in this place.
 C = Inter-level travel time spent in this place.
 D = Time resting spent in this place.
 E = Time spent auto-exploring this place.
 F = Levels seen in this place.
 G = Mean time per level.
                   A        B        C        D        E       F      G
               +--------+--------+--------+--------+--------+-----+--------+
         Total |   1477 |   1401 |     76 |     95 |   1005 |   3 |  492.3 |
       Dungeon |   1477 |   1401 |     76 |     95 |   1005 |   3 |  492.3 |
               +--------+--------+--------+--------+--------+-----+--------+

Top non-repeatable levels by time:
     D:2: 757 daAuts
     D:1: 694 daAuts
     D:3: 25 daAuts
